 Dungeon Crawl Stone Soup version 0.30-b1-2-g02819fbbbe (webtiles) character file.

Game seed: 15062542566024861677

239 raph the Grasshopper (level 5, -5/45 HPs)
             Began as a Draconian Warper on June 17, 2023.
             Was a Follower of Sif Muna.
             Slain by a gnoll
             ... wielding a +0 halberd
              (7 damage)
             ... on level 5 of the Dungeon.
             The game lasted 00:07:43 (3980 turns).

raph the Grasshopper (Draconian Warper)             Turns: 3980, Time: 00:07:44

Health: -5/45      AC:  9    Str: 13    XL:     5   Next: 79%
Magic:  9/9        EV: 12    Int: 16    God:    Sif Muna [*.....]
Gold:   41         SH:  0    Dex: 10    Spells: 0/9 levels left

rFire   . . .        a - +1 scimitar (holy)
rCold   . . .        (no shield)
rNeg    . . .        (body armour unavailable)
rPois   .            (helmet restricted)
rElec   .            o - +0 cloak
rCorr   .            p - +0 pair of gloves
SInv    .            m - +1 pair of boots
Will    .....        (no amulet)
Stlth   +            (no ring)
HPRegen 0.27/turn    (no ring)
MPRegen 0.11/turn

%: no passive effects
@: very slightly contaminated
A: AC +5, unfitting armour, cold-blooded
a: Renounce Religion, Channel Magic


You were on level 5 of the Dungeon.
You worshipped Sif Muna.
Sif Muna was aware of your devotion.
You visited 1 branch of the dungeon, and saw 5 of its levels.

You collected 244 gold pieces.
You spent 203 gold pieces at shops.

Inventory:

Hand Weapons
 a - a +1 scimitar of holy wrath (weapon)
 j - a +0 falchion
Missiles
 c - 7 boomerangs of dispersal (quivered)
 h - 13 poisoned darts
Armour
 m - a +1 pair of boots (worn)
 o - a +0 cloak (worn)
 p - a +0 pair of gloves (worn)
Magical Staves
 l - a staff of air
Wands
 q - a wand of mindburst (16)
Scrolls
 f - 3 scrolls of identify
 i - a scroll of magic mapping
 k - a scroll of fog
Potions
 g - 2 potions of brilliance
 n - 3 potions of curing


   Skills:
 + Level 3.0 Fighting
 + Level 3.4 Long Blades
 - Level 0.8 Throwing
 - Level 2.1 Dodging
 + Level 2.6 Spellcasting
 * Level 4.6 Translocations
 + Level 1.8 Air Magic


You couldn't memorise any spells.
You knew the following spells:

 Your Spells              Type           Power      Damage    Failure   Level
a - Blink                 Tloc           34%        N/A       4%          2
b - Vhi's Electric Charg  Tloc/Air       24%        N/A       16%         3
c - Kiss of Death         Conj/Necr      8%         2d6       19%         1
d - Teleport Other        Tloc           17%        N/A       9%          3

Your spell library contained the following spells:

 Spells                   Type           Power      Damage    Failure   Level
 Lesser Beckoning         Tloc           34%        N/A       4%          2
 Gell's Gravitas          Tloc           17%        N/A       9%          3
 Manifold Assault         Tloc           17%        N/A       28%         4


Dungeon Overview and Level Annotations

Branches:
Dungeon (5/15)
 Temple: D:4-7

Altars:
Sif Muna

Shops:
D:1 *   D:3 *([:

Annotations:
D:4 Dowan, Duvessa


Innate Abilities, Weirdness & Mutations

Your plain brown scales are hard. (AC +5)
You cannot fit into any form of body armour.
You are cold-blooded and may be slowed by cold attacks.


Message History

Found 12 gold pieces.
Found a fuming cyan potion.
The iguana hisses menacingly.
Found a robe.
Okay, then.
Okay, then.
An orc priest and an orc wizard come into view.
Found a scroll of enchant weapon.
The orc wizard shouts!
An orc comes into view. It is wielding a +0 club.
An orc priest comes into view. It is wielding a +0 short sword.
You see here a +0 robe.
The gnoll attacks as you move away! The gnoll hits you with a +0 whip.
* * * LOW HITPOINT WARNING * * *
The orc shouts!
You hear a shout!
The orc wizard casts a spell.
The orc wizard flickers and vanishes!
Deactivating autopickup; reactivate with Ctrl-A.
Casting: Teleport Other (dangerous; 9% risk of failure)
Confirm with . or Enter, or press ? or * to list all spells.
Charge where?
Press: ? - help, Dir - move target, f - iguana
Aim: an iguana (heavily wounded, 80% to hit)
You miscast Vhi's Electric Charge.
You are very lightly contaminated with residual magic.
Nothing appears to happen.
The orc priest shouts!
You hear a shout!
The gnoll barely misses you.
Casting: Vhi's Electric Charge (dangerous; 16% risk of failure)
Confirm with . or Enter, or press ? or * to list all spells.
You don't have enough magic to cast this spell.
The gnoll hits you with a +0 whip.
* * * LOW HITPOINT WARNING * * *
The gnoll barely misses you. Magic courses through your body.
The gnoll hits you with a +0 whip.
* * * LOW HITPOINT WARNING * * *
The gnoll hits you with a +0 club.
* * * LOW HITPOINT WARNING * * *
The gnoll hits you with a +0 halberd!
You die...

.. ..o ########...
#.....oo...
#..........
#..........
##.g...?....
#.@g[#+##.. +lg..#
#....# #....#
#+#############....#
...................#
...................#
...................#
...)...............#


You could see an iguana, an orc priest, 3 gnolls and an orc.

Vanquished Creatures
  Terence (D:3)
  Natasha (twice) (D:3)
  4 gnolls
  5 adders
  A worm (D:2)
  6 dart slugs
  2 orcs (D:3)
  5 bats (D:1)
  An endoplasm (D:3)
  2 giant cockroaches
  7 goblins
  8 hobgoblins
  2 jackals (D:1)
  A quokka (D:3)
  6 ball pythons
  2 frilled lizards
  7 kobolds
  6 rats
68 creatures vanquished.

Notes
Turn   | Place    | Note
-------+----------+-------------------------------------------
     0 | D:1      | raph the Draconian Warper began the quest for the Orb.
     0 | D:1      | Reached XP level 1. HP: 17/17 MP: 3/3
    97 | D:1      | Reached XP level 2. HP: 16/24 MP: 5/5
   134 | D:1      | Learned a level 2 spell: Blink
   209 | D:1      | Found Quehufas's General Store.
   423 | D:1      | Found a faded altar of an unknown god.
   430 | D:1      | Got Plato's Vellum of Dark Acts
   508 | D:1      | Reached XP level 3. HP: 29/29 MP: 6/6
   512 | D:1      | Learned a level 3 spell: Vhi's Electric Charge
   607 | D:1      | Learned a level 1 spell: Kiss of Death
  1201 | D:2      | Found a shimmering blue altar of Sif Muna.
  1214 | D:2      | Became a worshipper of Sif Muna the Loreminder
  1491 | D:2      | Reached XP level 4. HP: 26/35 MP: 7/7
  1588 | D:1      | Bought a potion of curing for 39 gold pieces
  1773 | D:2      | Reached skill level 4 in Translocations
  2058 | D:3      | Found Nefesev's Book Emporium.
  2058 | D:3      | Found Juosh's Weapon Emporium.
  2082 | D:3      | Bought a +0 scimitar of holy wrath for 110 gold pieces
  2096 | D:3      | Noticed Natasha
  2316 | D:3      | Killed Natasha
  2317 | D:3      | Reached skill level 1 in Air Magic
  2342 | D:3      | Found Idoghurr's General Store.
  2686 | D:3      | Bought a +0 pair of gloves for 54 gold pieces
  2740 | D:3      | Reached XP level 5. HP: 34/42 MP: 8/8
  2928 | D:3      | Noticed Natasha
  2939 | D:3      | Killed Natasha
  3103 | D:3      | Learned a level 3 spell: Teleport Other
  3110 | D:3      | Reached * piety under Sif Muna
  3297 | D:3      | Found Wickag's Antique Armour Shoppe.
  3357 | D:3      | Noticed Terence
  3367 | D:3      | Killed Terence
  3669 | D:4      | Noticed Duvessa
  3669 | D:4      | Noticed Dowan
  3685 | D:5      | Entered Level 5 of the Dungeon
  3980 | D:5      | HP: 2/45 [gnoll/+0 club (2)]
  3980 | D:5      | Slain by a gnoll

Illustrated notes

Levels and vault maps discovered:
D:1:      ncdulo_lavacross, layout_loops_ring, serial_shops, nicolae_shop_stone,
          shapermc_ecumenical_altar_rom_forum, minmay_misc_feat_nine_boxes,
          nicolae_concentric_dashed_squares_wild, kennysheep_crisscross
D:2:      layout_basic, basic_altar, minmay_misc_feat_doors
D:3:      layout_loops_ring, serial_shops, shop, nicolae_square_shop,
          shop_coins, shop, minmay_misc_feat_alley, kennysheep_small_spiral,
          minivault_14, minmay_misc_feat_four_crosses,
          kennysheep_generic_room_14, uniq_natasha, uniq_terence
D:4:      minmay_clustersquares, layout_layer_cave,
          minmay_temple_entry_overgrown, minmay_misc_feat_diagonals,
          uniq_duvessa
D:5:      layout_gridville, chequers_big_river

Skill      XL: |  1  2  3  4  5 |
---------------+----------------+-----
Long Blades    | 3 |  3.4
Translocations | 4 |  4.6
Air Magic      | 1 |  1.8
Fighting       | 3 |  3.0
Throwing       | |  0.8
Dodging        | |  2.1
Spellcasting   | |  2.6

Action                     |  1- 3 |  4- 6 || total
---------------------------+-------+-------++-------
  Melee: Falchion          |   152 |    14 ||   166
         Tailslap          |    12 |    17 ||    29
         Punch             |     2 |       ||     2
         Scimitar          |       |   101 ||   101
   Cast: Kiss of Death     |     1 |       ||     1
         Vhi's Electric Ch |       |    12 ||    12
         Teleport Other    |       |     1 ||     1
    Use: Scroll            |       |    14 ||    14
         Potion            |       |     2 ||     2
   Stab: Sleeping          |       |     1 ||     1
 Armour: Skin              |    62 |    31 ||    93
  Dodge: Dodged            |   138 |    98 ||   236
